 Dungeon Crawl Stone Soup version 0.28.0-43-g3370ac3207 (webtiles) character file.

Game seed: 14513417722558646358

136 issech the Cudgeller (level 4, -3/45 HPs)
             Began as a Troll Monk on Mar 23, 2022.
             Slain by a gnoll
             ... wielding a +0 flail
              (11 damage)
             ... on level 3 of the Dungeon.
             The game lasted 00:08:14 (2505 turns).

issech the Cudgeller (Troll Monk)                   Turns: 2505, Time: 00:08:14

Health: -3/45      AC:  4    Str: 19    XL:     4   Next: 98%
Magic:  3/3        EV: 10    Int:  6    God:
Gold:   144        SH:  5    Dex: 14    Spells: 3/3 levels left

rFire   . . .      SeeInvis +   a - +0 mace
rCold   . . .      Faith    .   (no shield)
rNeg    . . .      Spirit   .   b - +0 robe
rPois   .          Reflect  +   (helmet restricted)
rElec   .          Harm     .   (no cloak)
rCorr   .          Rampage  .   (gloves unavailable)
Will    .....                   (boots unavailable)
Stlth   ++........              c - amulet of reflection
HPRegen 0.95/turn               l - ring of see invisible
MPRegen 0.08/turn               (no ring)

@: no status effects
A: large, unfitting armour, claws 3, regeneration 1, shaggy fur 1, tough skin 1
a: no special abilities


You were on level 3 of the Dungeon.
You visited 1 branch of the dungeon, and saw 3 of its levels.

You collected 144 gold pieces.

Inventory:

Hand Weapons
 a - a +0 mace (weapon)
 h - a +2 quarterstaff of pain
Missiles
 d - 54 bolts
 e - 90 stones (quivered)
 f - 5 atropa-tipped darts
 k - 4 poisoned darts
 q - 14 sling bullets
Armour
 b - a +0 robe (worn)
Jewellery
 c - an amulet of reflection (around neck)
 l - a ring of see invisible (left claw)
 p - a ring of magical power
Scrolls
 g - a scroll of torment {unknown}
 i - a scroll of amnesia {unknown}
 j - a scroll of silence {unknown}
 m - a scroll of identify {unknown}
 n - a scroll of teleportation {unknown}
Potions
 o - a potion of curing {unknown}


   Skills:
 + Level 3.1 Fighting
 + Level 4.1 Maces & Flails
 + Level 3.0 Dodging
 + Level 1.1 Stealth
 + Level 0.2 Shields


You had 3 spell levels left.
You didn't know any spells.
Your spell library contained the following spells:

 Spells                   Type           Power      Damage    Failure   Level
 Animate Skeleton         Necr           0%         N/A       45%         1
 Apportation              Tloc           0%         N/A       45%         1
 Pain                     Necr           0%         1d4       45%         1
 Summon Small Mammal      Summ           0%         N/A       45%         1
 Gell's Gravitas          Tloc           0%         N/A       83%         3
 Ignite Poison            Fire/Tmut/Pois 0%         N/A       83%         3
 Lesser Beckoning         Tloc           0%         N/A       83%         3
 Mephitic Cloud           Conj/Pois/Air  0%         N/A       83%         3
 Teleport Other           Tloc           0%         N/A       83%         3
 Agony                    Necr           0%         N/A       100%        5
 Excruciating Wounds      Necr           0%         N/A       100%        5
 Freezing Cloud           Conj/Ice/Air   0%         6-21      100%        5


Dungeon Overview and Level Annotations

Branches:
Dungeon (3/15)

Altars:


Innate Abilities, Weirdness & Mutations

You are too large for most types of armour.
You have claws for hands.
Your natural rate of healing is unusually fast.
You are covered in fur. (AC +1)
You have tough skin. (AC +1)


Message History

You hit the gnoll.
The gnoll is lightly wounded.
You block the gnoll's attack.
The gnoll hits you from afar with a +0 spear.
You barely miss the gnoll. Your claw misses the gnoll.
The gnoll is lightly wounded.
The gnoll barely misses you.
The gnoll hits you from afar with a +0 spear.
The gnoll closely misses you.
You closely miss the gnoll.
The gnoll is lightly wounded.
The gnoll barely misses you. x2
You thump the gnoll!
The gnoll is severely wounded.
The gnoll hits you from afar with a +0 spear.
The gnoll hits you with a +0 flail!
The gnoll hits you from afar with a +0 spear.
You hit the gnoll but do no damage.
The gnoll is severely wounded.
The gnoll hits you with a +0 flail.
* * * LOW HITPOINT WARNING * * *
You block the gnoll's attack.
Found 17 gold pieces.
You hit the gnoll.
The gnoll is severely wounded.
The gnoll hits you with a +0 flail. The gnoll hits you but does no damage.
You hit the gnoll.
The gnoll is almost dead.
The gnoll barely misses you. The gnoll closely misses you.
You barely miss the gnoll.
The gnoll is almost dead.
A frilled lizard comes into view.
The gnoll closely misses you.
The gnoll hits you from afar with a +0 spear.
You barely miss the gnoll.
The gnoll is almost dead.
The gnoll hits you with a +0 flail!
* * * LOW HITPOINT WARNING * * *
The gnoll barely misses you. The gnoll hits you with a +0 flail!
You die...

#.......# ... ##<.#
... #...# ....
###.#.# ####### .....
##...#.#
#.....##.....
..>###.# #.###....#
.### .# #)# #g...# [#
## #.# #g#..# .# #.#
#@##..# ##
##.#.....#.# #
#..#......$.. # #
#.##.....##... #
.########.#####..l .#
##.##..........##.###
...##...........$.#
.####...........###
.# #..........##


You could see 2 gnolls and a frilled lizard (wandering).

Vanquished Creatures
  A scorpion (D:2)
  3 adders
  A gnoll (D:3)
  3 endoplasms
  3 giant cockroaches
  5 goblins
  3 hobgoblins
  5 kobolds
  2 quokkas (D:2)
  8 ball pythons
  5 frilled lizards (D:1)
  5 rats
44 creatures vanquished.

Vanquished Creatures (others)
  A fungus (D:1)
  4 toadstools (D:1)
5 creatures vanquished.

Grand Total: 49 creatures vanquished

Notes
Turn   | Place    | Note
-------+----------+-------------------------------------------
     0 | D:1      | issech the Troll Monk began the quest for the Orb.
     0 | D:1      | Reached XP level 1. HP: 22/22 MP: 0/0
   162 | D:1      | Reached skill level 3 in Maces & Flails
   281 | D:1      | Reached XP level 2. HP: 29/29 MP: 1/1
  1265 | D:2      | Reached XP level 3. HP: 36/36 MP: 2/2
  1381 | D:2      | Found a faded altar of an unknown god.
  1835 | D:2      | Noticed a scorpion
  1855 | D:2      | Killed a scorpion
  1856 | D:2      | Reached XP level 4. HP: 32/45 MP: 3/3
  2323 | D:2      | Reached skill level 4 in Maces & Flails
  2505 | D:3      | Slain by a gnoll

Illustrated notes

Levels and vault maps discovered:
D:1:      minmay_arrival_four_houses, layout_loops_ring,
          serial_co_window_serial, co_window_paths_a, co_window_corner_a,
          co_window_of_opportunity_a, co_window_paths_a, co_window_paths_a,
          co_window_unsneaky_path_d, co_window_corner_b, co_window_2corner,
          co_window_2corner, co_window_corner_b, co_window_unsneaky_path_e,
          co_window_unsneaky_path_c, glass_columns_a, glass_columns_b,
          glass_columns_c, glass_columns_a, glass_columns_a,
          roderic_filled_cross, minmay_gold_behind_fungi, minmay_tetromino_i2
D:2:      layout_basic, nicolae_ecumenical_snake_handling,
          chequers_serial_rivers_micro_d, minmay_puff
D:3:      layout_rooms, minmay_rat_hole

Skill      XL: |  1  2  3  4 |
---------------+-------------+-----
Maces & Flails | 3 4 |  4.1
Fighting       | 3 |  3.1
Dodging        | 3 |  3.0
Stealth        | |  1.1
Shields        | |  0.2

Action                   |  1- 3 |  4- 6 || total
-------------------------+-------+-------++-------
Melee: Mace              |   135 |    28 ||   163
       Punch             |     1 |       ||     1
Throw: Stone             |     3 |       ||     3
 Stab: Sleeping          |     2 |       ||     2
Armor: Robe              |    41 |     5 ||    46
Dodge: Dodged            |    71 |    20 ||    91
Block: Other             |    30 |    10 ||    40
